 Dungeon Crawl Stone Soup version 0.28.0-47-ge53b351184 (webtiles) character file.

Game seed: 7553759368620435505

822 croobank the Firebug (level 7, -2/51 HPs)
             Began as a Gnoll Fire Elementalist on Apr 26, 2022.
             Slain by a centaur warrior zombie (10 damage)
             ... on level 5 of the Dungeon.
             The game lasted 00:14:41 (4432 turns).

croobank the Firebug (Gnoll Fire Elementalist)      Turns: 4432, Time: 00:14:41

Health: -2/51      AC:  4    Str:  8    XL:     7   Next: 95%
Magic:  0/15       EV: 13    Int: 19    God:
Gold:   195        SH:  0    Dex: 12    Spells: 8/17 levels left

rFire   . . .      SeeInvis .   a - +0 dagger (venom)
rCold   . . .      Faith    .   (no shield)
rNeg    . . .      Spirit   .   h - +1 robe
rPois   .          Reflect  .   c - +0 hat of Atheism {Fly Int+3}
rElec   .          Harm     .   (no cloak)
rCorr   .          Rampage  .   k - +0 pair of gloves
Will    .....                   (no boots)
Stlth   +++.......              (no amulet)
HPRegen 0.17/turn               (no ring)
MPRegen 0.14/turn               (no ring)

@: flying
A: fangs 1, strong nose, distributed training
a: no special abilities


You were on level 5 of the Dungeon.
You visited 1 branch of the dungeon, and saw 5 of its levels.

You collected 195 gold pieces.

Inventory:

Hand Weapons
 a - a +0 dagger of venom (weapon)
 b - a +0 hunting sling
 f - a +0 war axe
 r - a +0 scythe
Missiles
 d - 59 sling bullets
 e - 54 bolts
 m - 65 stones
 n - 34 arrows
Armour
 c - the +0 hat of Atheism (worn) {Fly Int+3}
   (You acquired it on level 1 of the Dungeon)

   Int:       It affects your intelligence (+3).
   Fly:       It grants you flight.
 h - a +1 robe (worn)
 k - a +0 pair of gloves (worn)
 o - a +0 leather armour
Wands
 j - a wand of paralysis (19)
 t - a wand of iceblast (7)
Scrolls
 i - a scroll of identify
 l - 4 scrolls of teleportation
 q - 2 scrolls of enchant armour
 u - a scroll of enchant weapon {unknown}
 v - a scroll of immolation {unknown}
 w - a scroll of noise {unknown}
Potions
 g - a potion of lignification {unknown}
 p - a potion of haste {unknown}
 s - a potion of flight {unknown}


   Skills:
 + Level 2.8 Fighting
 + Level 2.8 Short Blades
 + Level 2.8 Long Blades
 + Level 2.8 Axes
 + Level 2.8 Maces & Flails
 + Level 2.8 Polearms
 + Level 2.8 Staves
 + Level 2.8 Slings
 + Level 2.8 Bows
 + Level 2.8 Crossbows
 + Level 2.8 Throwing
 + Level 2.8 Armour
 + Level 5.4 Dodging
 + Level 5.1 Stealth
 + Level 2.8 Shields
 + Level 2.8 Unarmed Combat
 + Level 5.8 Spellcasting
 + Level 3.2 Conjurations
 + Level 2.3 Hexes
 + Level 2.3 Summonings
 + Level 2.3 Necromancy
 + Level 2.3 Translocations
 + Level 2.3 Transmutations
 + Level 5.9 Fire Magic
 + Level 2.3 Ice Magic
 + Level 2.3 Air Magic
 + Level 2.3 Earth Magic
 + Level 2.3 Poison Magic
 + Level 3.1 Invocations
 + Level 2.8 Evocations


You had 8 spell levels left.
You knew the following spells:

 Your Spells              Type           Power      Damage    Failure   Level
a - Foxfire               Conj/Fire      88%        2x1d8     1%          1
b - Scorch                Fire           56%        2d8       1%          2
c - Flame Wave            Conj/Fire      22%        2d7       17%         4
d - Wereblood             Tmut           14%        N/A       7%          2

Your spell library contained the following spells:

 Spells                   Type           Power      Damage    Failure   Level
 Beastly Appendage        Tmut           28%        N/A       4%          1
 Conjure Flame            Conj/Fire      22%        6-21      5%          3
 Inner Flame              Hex/Fire       21%        N/A       6%          3
 Spider Form              Tmut/Pois      14%        N/A       13%         3


Dungeon Overview and Level Annotations

Branches:
Dungeon (5/15)
 Temple: D:4-7

Altars:

Shops:
D:1 *


Innate Abilities, Weirdness & Mutations

You have very sharp teeth.
Your uncanny sense of smell can sniff out nearby items.
Your experience applies equally to all skills.


Message History

The centaur warrior zombie is burned terribly!
The centaur warrior zombie is heavily damaged.
The centaur warrior zombie misses you.
The centaur warrior zombie kicks you but does no damage.
Casting: Scorch (safe; 1% risk of failure)
Confirm with . or Enter, or press ? or * to list all spells.
Flames lash the centaur warrior zombie.
The centaur warrior zombie is burned terribly!
The centaur warrior zombie is severely damaged.
The centaur warrior zombie hits you but does no damage.
The centaur warrior zombie kicks you.
Casting: Scorch (safe; 1% risk of failure)
Confirm with . or Enter, or press ? or * to list all spells.
Flames lash the centaur warrior zombie.
The centaur warrior zombie is burned terribly!
The centaur warrior zombie is severely damaged.
The centaur warrior zombie hits you!
The centaur warrior zombie closely misses you.
The centaur warrior zombie hits you. The centaur warrior zombie kicks you.
You hit the centaur warrior zombie.
You punch the centaur warrior zombie, but do no damage.
The centaur warrior zombie is almost destroyed.
The centaur warrior zombie barely misses you.
The centaur warrior zombie kicks you.
You hit the centaur warrior zombie.
The centaur warrior zombie is almost destroyed.
The centaur warrior zombie hits you!
* * * LOW HITPOINT WARNING * * *
The centaur warrior zombie kicks you but does no damage.
Okay, then.
Okay, then.
Okay, then.
Okay, then.
The centaur warrior zombie hits you but does no damage.
The centaur warrior zombie kicks you.
* * * LOW HITPOINT WARNING * * *
Casting: Scorch (safe; 1% risk of failure)
Confirm with . or Enter, or press ? or * to list all spells.
You conjure some foxfire!
The centaur warrior zombie hits you!
You die...

#.......>.#...#
#.........#...#
#.........'...#
##...#..#.###.#
########.###.###
#........#
#........#
#.Z.$....#
#.@......#
#vv......#
###+######


You could see a centaur warrior zombie (combustible, ally target).

Vanquished Creatures
  Sigmund (D:2)
  Menkaure (D:5)
  A black bear (D:5)
  A phantom (D:5)
  2 scorpions (D:5)
  A gnoll shaman (D:4)
  An iguana (D:4)
  Ijyb (D:3)
  Terence (D:3)
  Robin (D:3)
  4 gnolls (D:4)
  2 adders
  An orc (D:4)
  8 ball pythons
  8 bats
  5 endoplasms
  4 giant cockroaches
  18 goblins
  7 hobgoblins
  4 quokkas
  4 frilled lizards
  5 kobolds
  A quokka skeleton (D:4)
  4 rats
86 creatures vanquished.

Vanquished Creatures (others)
  121 foxfires
121 creatures vanquished.

Grand Total: 207 creatures vanquished

Notes
Turn   | Place    | Note
-------+----------+-------------------------------------------
     0 | D:1      | croobank the Gnoll Fire Elementalist began the quest for
                  | the Orb.
     0 | D:1      | Reached XP level 1. HP: 13/13 MP: 6/6
   259 | D:1      | Reached XP level 2. HP: 19/19 MP: 5/7
   410 | D:1      | Learned a level 2 spell: Scorch
   623 | D:1      | Found Kiborom's General Store.
   689 | D:1      | Identified a scroll of acquirement
   689 | D:1      | Acquired the +0 hat of Atheism {Fly Int+3}
  1108 | D:2      | Reached XP level 3. HP: 25/25 MP: 6/9
  1115 | D:2      | Reached skill level 5 in Spellcasting
  1173 | D:2      | Noticed Sigmund
  1299 | D:3      | Noticed Ijyb
  1305 | D:3      | Killed Ijyb
  1306 | D:3      | Reached skill level 1 in Fighting
  1306 | D:3      | Reached skill level 1 in Short Blades
  1306 | D:3      | Reached skill level 1 in Long Blades
  1306 | D:3      | Reached skill level 1 in Axes
  1306 | D:3      | Reached skill level 1 in Maces & Flails
  1306 | D:3      | Reached skill level 1 in Polearms
  1306 | D:3      | Reached skill level 1 in Staves
  1306 | D:3      | Reached skill level 1 in Slings
  1306 | D:3      | Reached skill level 1 in Bows
  1306 | D:3      | Reached skill level 1 in Crossbows
  1306 | D:3      | Reached skill level 1 in Throwing
  1306 | D:3      | Reached skill level 1 in Armour
  1306 | D:3      | Reached skill level 1 in Shields
  1306 | D:3      | Reached skill level 1 in Unarmed Combat
  1306 | D:3      | Reached skill level 1 in Invocations
  1306 | D:3      | Reached skill level 1 in Evocations
  1306 | D:3      | Reached XP level 4. HP: 19/32 MP: 0/11
  1560 | D:3      | Noticed Robin
  1591 | D:3      | Killed Robin
  1606 | D:3      | Reached skill level 1 in Hexes
  1606 | D:3      | Reached skill level 1 in Summonings
  1606 | D:3      | Reached skill level 1 in Necromancy
  1606 | D:3      | Reached skill level 1 in Translocations
  1606 | D:3      | Reached skill level 1 in Transmutations
  1606 | D:3      | Reached skill level 1 in Ice Magic
  1606 | D:3      | Reached skill level 1 in Air Magic
  1606 | D:3      | Reached skill level 1 in Earth Magic
  1606 | D:3      | Reached skill level 1 in Poison Magic
  1845 | D:3      | Noticed Terence
  1852 | D:3      | Learned a level 4 spell: Flame Wave
  1861 | D:3      | Killed Terence
  1862 | D:3      | Reached XP level 5. HP: 24/37 MP: 4/12
  1976 | D:3      | Found a faded altar of an unknown god.
  3059 | D:4      | Reached XP level 6. HP: 44/44 MP: 7/13
  3502 | D:5      | Entered Level 5 of the Dungeon
  3505 | D:5      | Noticed Menkaure
  3507 | D:5      | Reached skill level 5 in Dodging
  3703 | D:2      | Killed Sigmund
  3704 | D:2      | Reached XP level 7. HP: 50/50 MP: 4/15
  3929 | D:2      | Learned a level 2 spell: Wereblood
  4333 | D:5      | Reached skill level 5 in Stealth
  4381 | D:5      | Killed Menkaure
  4432 | D:5      | Slain by a centaur warrior zombie

Illustrated notes

Levels and vault maps discovered:
D:1:      dpeg_arrival_snail, layout_basic, serial_shops, shop
D:2:      layout_rooms, uniq_sigmund
D:3:      layout_rooms, shapermc_ecumenical_altar_mp_ritualfount,
          feat_on_display, uniq_ijyb, uniq_terence, uniq_robin
D:4:      layout_basic
D:5:      layout_gridville, nicolae_gozag_seed_capital, uniq_menkaure

Skill      XL: |  1  2  3  4  5  6  7 |
---------------+----------------------+-----
Conjurations   | 2 3 |  3.2
Spellcasting   | 5 |  5.8
Fighting       | 1 2 |  2.8
Short Blades   | 1 2 |  2.8
Long Blades    | 1 2 |  2.8
Axes           | 1 2 |  2.8
Maces & Flails | 1 2 |  2.8
Polearms       | 1 2 |  2.8
Staves         | 1 2 |  2.8
Slings         | 1 2 |  2.8
Bows           | 1 2 |  2.8
Crossbows      | 1 2 |  2.8
Throwing       | 1 2 |  2.8
Armour         | 1 2 |  2.8
Shields        | 1 2 |  2.8
Unarmed Combat | 1 2 |  2.8
Invocations    | 1 2 3 |  3.1
Evocations     | 1 2 |  2.8
Hexes          | 1 2 |  2.3
Summonings     | 1 2 |  2.3
Necromancy     | 1 2 |  2.3
Translocations | 1 2 |  2.3
Transmutations | 1 2 |  2.3
Ice Magic      | 1 2 |  2.3
Air Magic      | 1 2 |  2.3
Earth Magic    | 1 2 |  2.3
Poison Magic   | 1 2 |  2.3
Dodging        | 5 |  5.4
Stealth        | 5 |  5.1
Fire Magic     | |  5.9

Action                   |  1- 3 |  4- 6 |  7- 9 || total
-------------------------+-------+-------+-------++-------
Melee: Unarmed           |     6 |       |       ||     6
       Dagger            |     1 |    37 |    12 ||    50
       Bite              |       |     4 |       ||     4
       Punch             |       |       |     1 ||     1
 Fire: Hunting sling     |     3 |       |       ||     3
 Cast: Foxfire           |    36 |    25 |    12 ||    73
       Scorch            |    11 |    33 |    19 ||    63
       Wereblood         |       |       |     1 ||     1
Evoke: Wand              |       |     1 |       ||     1
  Use: Scroll            |     2 |     3 |       ||     5
       Potion            |       |     2 |       ||     2
Armor: Robe              |     3 |     9 |    10 ||    22
Dodge: Dodged            |    16 |    44 |    16 ||    76
